 Dungeon Crawl Stone Soup version 0.28-a0-851-g8b9cc49659 (webtiles) character file.

Game seed: 17937739178640513419

329 croobank the Chopper (level 6, 0/48 HPs)
             Began as a Human Berserker on Nov 14, 2021.
             Was a Believer of Trog.
             Slain by a steam dragon (1 damage)
             ... on level 4 of the Dungeon.
             The game lasted 00:22:50 (4836 turns).

croobank the Chopper (Human Berserker)              Turns: 4836, Time: 00:22:51

Health: 0/48       AC:  5    Str: 20    XL:     6   Next: 80%
Magic:  0/6        EV: 12    Int:  7    God:    Trog [**....]
Gold:   183        SH:  0    Dex: 12    Spells: 5/5 levels left

rFire   . . .      SeeInvis .   y - +0 war axe
rCold   + . .      Faith    .   (no shield)
rNeg    + . .      Spirit   +   h - +2 robe {Will+}
rPois   .          Reflect  .   (no helmet)
rElec   .          Harm     .   (no cloak)
rCorr   .          Rampage  .   (no gloves)
Will    +++..                   i - +0 pair of boots
Stlth   ++........              g - amulet of guardian spirit
HPRegen 1.16/turn               p - ring of protection from cold
MPRegen 0.10/turn               x - ring of positive energy

@: strong-willed, regenerating
A: no striking features
a: Renounce Religion, Berserk, Trog's Hand


You were on level 4 of the Dungeon.
You worshipped Trog.
Trog was pleased with you.
You visited 1 branch of the dungeon, and saw 4 of its levels.

You collected 183 gold pieces.

Inventory:

Hand Weapons
 a - a +0 hand axe
 s - a +0 morningstar of protection
 y - a +0 war axe (weapon)
Missiles
 b - 50 stones
 n - 2 boomerangs (quivered)
 w - 10 poisoned darts
Armour
 h - a +2 robe of willpower (worn)
 i - a +0 pair of boots (worn)
 l - a +0 ring mail
Jewellery
 g - an amulet of guardian spirit (around neck)
 p - a ring of protection from cold (left hand)
 x - a ring of positive energy (right hand)
Wands
 v - a wand of polymorph (12)
Scrolls
 f - 3 scrolls of enchant armour
 q - a scroll of fear {unknown}
 r - a scroll of amnesia
 t - 2 scrolls of holy word
 A - 2 scrolls of teleportation {unknown}
Potions
 c - a potion of brilliance
 d - a potion of curing
 e - 3 potions of degeneration
 j - 3 potions of lignification
 k - a potion of magic {unknown}
 m - 3 potions of attraction
 o - a potion of flight {unknown}
 u - a potion of heal wounds {unknown}
 z - a potion of cancellation {unknown}


   Skills:
 + Level 4.1 Fighting
 + Level 5.4 Axes
 + Level 2.1 Armour
 + Level 3.2 Dodging
 + Level 1.7 Stealth
 + Level 0.2 Unarmed Combat


You had 5 spell levels left.
You didn't know any spells.
Your spell library contained the following spells:

 Spells                   Type           Power      Damage    Failure   Level
 Animate Skeleton         Necr           0%         N/A       43%         1
 Apportation              Tloc           0%         N/A       43%         1
 Summon Small Mammal      Summ           0%         N/A       43%         1


Dungeon Overview and Level Annotations

Branches:
Dungeon (4/15)             Temple (0/1) D:4

Altars:
Fedhas


Message History

a +0 whip; 18 bolts; a gnoll corpse
b - 50 stones (gained 14)
You now have 168 gold pieces (gained 14).
A - 2 scrolls labelled GAZ EJUJYUV (gained 1)
You now have 183 gold pieces (gained 15).
Found a book of Spectacle.
A steam dragon comes into view.
The adder skeleton closely misses you.
You see here 6 gold pieces.
The steam dragon hisses angrily.
The steam dragon bites you. The steam dragon closely misses you.
You barely miss the steam dragon. The steam dragon barely misses you. x2
The steam dragon breathes steam at you. The ball of steam hits you!
You hit the steam dragon but do no damage.
You are engulfed in a cloud of scalding steam.
The steam dragon closely misses you. The steam dragon claws you.
Unknown command.
You barely miss the steam dragon. You hit the adder skeleton.
You are engulfed in a cloud of scalding steam.
The adder skeleton is engulfed in a cloud of scalding steam.
The adder skeleton is destroyed!
The steam dragon bites you.
* * * LOW HITPOINT WARNING * * *
The steam dragon claws you.
* * * LOW HITPOINT WARNING * * *
You feel better. The steam dragon bites you!
* * * LOW HITPOINT WARNING * * *
The steam dragon claws you.
* * * LOW HITPOINT WARNING * * *
Really walk into that cloud of steam?
Okay, then.
Okay, then.
Okay, then.
Your skin crawls.
You feel strong-willed. The steam dragon bites you.
* * * LOW HITPOINT WARNING * * *
The steam dragon claws you.
You die...

.#####.# ...#....
#..........# .#
#......#.≈...≈.#.#......#
.#
####.#.#.......#.#.#...##
.# #g#.......#.#..#.## .#
#.......#.##.#.# .#####
#.≈...≈.#.##.#.# .#...#
#.#.......#.##.#.#
.#...###
#...........##.#.#
.......# #.D@§.# #....#
.......# ##.###$####..###
......(# #.:..Z.......#
##...### ###.####.####.##
#...# .... ...## #.#
##.####...<. ###.. ..#
#.#.......# #[# ####
###.#.##.##.# #.#
.........##.# #.#


You could see a steam dragon (catching breath).

Vanquished Creatures
  A hound (D:4)
  An orc priest (D:4)
  An orc wizard (D:4)
  Natasha (thrice) (D:3)
  3 gnolls (D:4)
  7 adders
  An adder skeleton (D:4)
  A worm (D:2)
  3 dart slugs
  6 orcs
  5 ball pythons
  3 bats
  7 endoplasms
  A giant cockroach (D:3)
  4 goblins
  7 hobgoblins
  3 kobolds
  5 quokkas
  A frilled lizard (D:3)
  3 rats
66 creatures vanquished.

Vanquished Creatures (others)
  An adder skeleton (D:4)
1 creature vanquished.

Grand Total: 67 creatures vanquished

Notes
Turn   | Place    | Note
-------+----------+-------------------------------------------
     0 | D:1      | croobank the Human Berserker began the quest for the Orb.
     0 | D:1      | Reached XP level 1. HP: 18/18 MP: 1/1
   422 | D:1      | Reached XP level 2. HP: 24/24 MP: 2/2
   693 | D:1      | Reached XP level 3. HP: 24/29 MP: 1/3
   693 | D:1      | Found a faded altar of an unknown god.
  2160 | D:2      | Reached XP level 4. HP: 35/35 MP: 4/4
  2161 | D:2      | Reached skill level 4 in Axes
  2447 | D:3      | Reached ** piety under Trog
  2476 | D:3      | Noticed Natasha
  2498 | D:3      | Killed Natasha
  2661 | D:3      | Reached XP level 5. HP: 40/41 MP: 5/5
  2679 | D:3      | Found a blossoming altar of Fedhas.
  2682 | D:3      | Noticed Natasha
  2700 | D:3      | Killed Natasha
  2719 | D:3      | Noticed Natasha
  2729 | D:3      | Killed Natasha
  3251 | D:3      | Reached skill level 1 in Stealth
  3768 | D:4      | Reached skill level 5 in Axes
  3768 | D:4      | Reached XP level 6. HP: 42/48 MP: 6/6
  4150 | D:4      | Found a staircase to the Ecumenical Temple.
  4829 | D:4      | Noticed a steam dragon
  4835 | D:4      | HP: 2/48 [steam dragon (3)]
  4836 | D:4      | Slain by a steam dragon

Illustrated notes

Levels and vault maps discovered:
D:1:      wheals_arrival_shading, layout_loops_ring,
          hellmonk_ecumenical_altar_arch_garden
D:2:      layout_loops_corners, minmay_quantized
D:3:      layout_rooms, lemuel_doored_altar, uniq_natasha
D:4:      cheibrodos_pilgrimage, layout_loops_ring, temple_doors_ab,
          portal_sewer_entry_d

Skill      XL: |  1  2  3  4  5  6 |
---------------+-------------------+-----
Axes           | 4 5 |  5.4
Stealth        | 1 |  1.7
Dodging        | 3 |  3.2
Fighting       | 4 |  4.1
Armour         | |  2.1
Unarmed Combat | |  0.2

Action                   |  1- 3 |  4- 6 || total
-------------------------+-------+-------++-------
Melee: Hand axe          |    90 |   164 ||   254
       Unarmed           |       |    13 ||    13
       War axe           |       |    24 ||    24
Throw: Boomerang         |       |     2 ||     2
Invok: Trog's Hand       |       |     1 ||     1
  Use: Potion            |     2 |     2 ||     4
       Scroll            |       |     6 ||     6
 Stab: Sleeping          |       |     6 ||     6
Armor: Animal skin       |     4 |       ||     4
       Robe              |    15 |    43 ||    58
Dodge: Dodged            |    70 |   123 ||   193

Table legend: (Time is in decaauts)
 A = Elapsed time spent in this place.
 B = Non-inter-level travel time spent in this place.
 C = Inter-level travel time spent in this place.
 D = Time resting spent in this place.
 E = Time spent auto-exploring this place.
 F = Levels seen in this place.
 G = Mean time per level.
                   A        B        C        D        E       F      G
               +--------+--------+--------+--------+--------+-----+--------+
         Total |   4875 |   4837 |     38 |   1839 |   2034 |   4 | 1218.8 |
       Dungeon |   4875 |   4837 |     38 |   1839 |   2034 |   4 | 1218.8 |
               +--------+--------+--------+--------+--------+-----+--------+

Top non-repeatable levels by time:
     D:3: 1595 daAuts
     D:2: 1428 daAuts
     D:1: 1023 daAuts
     D:4: 828 daAuts
